 Dungeon Crawl Stone Soup version 0.27.0-1-g7a089689b8 (webtiles) character file.

Game seed: 11972971126857076311

279 GordonOverkill the Sneak (level 6, -1/47 HPs)
             Began as a Human Delver on Aug 9, 2021.
             Was an Initiate of Trog.
             Slain by a killer bee (5 damage)
             ... on level 5 of the Dungeon.
             The game lasted 00:11:43 (2399 turns).

GordonOverkill the Sneak (Human Delver)             Turns: 2399, Time: 00:11:44

Health: -1/47      AC:  3    Str: 14    XL:     6   Next: 52%
Magic:  6/6        EV: 12    Int: 11    God:    Trog [......]
Gold:   149        SH:  0    Dex: 14    Spells: 5/5 levels left

rFire    . . .     SeeInvis .   a - +2 trident (vamp)
rCold    . . .     Faith    .   (no shield)
rNeg     . . .     Spirit   .   b - +0 leather armour
rPois    .         Reflect  .   (no helmet)
rElec    .         Harm     .   (no cloak)
rCorr    .         Rampage  .   (no gloves)
Will     .....                  (no boots)
Stlth    +++.......             (no amulet)
HPRegen  0.15/turn              (no ring)
MPRegen  0.10/turn              (no ring)

@: about to teleport, hasted, very quick
A: no striking features
a: Renounce Religion


You were on level 5 of the Dungeon.
You worshipped Trog.
Trog was noncommittal.
You visited 2 branches of the dungeon, and saw 4 of its levels.

You collected 149 gold pieces.

Inventory:

Hand Weapons
 a - a +2 vampiric trident (weapon)
 i - a +0 war axe
Missiles
 h - 6 curare-tipped darts
 k - 9 poisoned darts (quivered)
 o - 2 atropa-tipped darts
 t - 2 boomerangs
Armour
 b - a +0 leather armour (worn)
Jewellery
 n - a ring of fire
Wands
 g - a wand of digging (2)
 r - a wand of polymorph (7)
Scrolls
 d - a scroll of magic mapping
 p - 2 scrolls of amnesia
 q - 2 scrolls of identify


   Skills:
 - Level 3.1 Fighting
 - Level 2.6(2.7) Axes
 + Level 0.3(1.7) Polearms
 + Level 3.7 Throwing
 - Level 2.0 Dodging
 - Level 5.0 Stealth
 + Level 3.8 Evocations


You had 5 spell levels left.
You didn't know any spells.
Your spell library was empty.

Dungeon Overview and Level Annotations

Branches:
Dungeon (7/15)             Temple (1/1) D:6

Altars:
Dithmenos
Fedhas
Gozag
Hepliaklqana
Kikubaaqudgha
Qazlal
Ru
Sif Muna
Trog
Uskayaw
Vehumet
Wu Jian
Yredelemnul
Zin

Annotations:
D:5 exclusions: adder, centaur and hound
D:6 exclusions: downstairs, upstairs and water moccasin
D:7 exclusions: orc priest and orc warrior, Menkaure


Message History

You miss the killer bee.
The killer bee is moderately wounded.
You feel very sick. The killer bee stings you.
* * * LOW HITPOINT WARNING * * *
Okay, then.
You aren't carrying any potions.
Unknown command.
As you read the scroll labelled GIABIV DOOLECKAWO, it crumbles to dust.
It is a scroll of identify.
p - 2 scrolls of amnesia You feel sick.
The killer bee barely misses you. The killer bee closely misses you.
You feel sick.
As you read the scroll labelled YPROUD FUDUU, it crumbles to dust.
You hear a loud clanging noise!
It was a scroll of noise.
You feel sick.
You hear an angry buzzing noise. x2; You hear a bark!
You hear a shout!
The killer bee stings you but does no damage.
Blink to where?
Press: ? - help, Dir - move target, p - killer bee
As you read the scroll labelled HEHOPO JOEFFAO, it crumbles to dust.
It was a scroll of blinking.
You feel sick.
Okay, then.
As you read the scroll of fog, it crumbles to dust.
The scroll dissolves into smoke.
You feel sick.
You feel sick.
You feel sick.
You feel sick.
You feel sick.
You are no longer poisoned.
You aren't carrying any potions.
Unknown command.
As you read the scroll labelled KIDWACWIRUO, it crumbles to dust.
You speak a Word of immense power!
It was a scroll of holy word.
As you read the scroll labelled WIDWUM YDWIOR, it crumbles to dust.
You feel strangely unstable.
It was a scroll of teleportation.
The killer bee barely misses you. The killer bee closely misses you.
The killer bee stings you.
You die...

# .#. ###### .... ##.##.##
#..#..##..# #####
#........###...##
####.##@###.....# .
#######..##y.y.....## ### ..
#.......##...#......## #.#
#..####.###..####.#y.......# ##..
#........#...###..#...##..####...
#.###....#........##..##..##.#...
..####.....#....##..###..##.#...
S..........#.........§.§.#......
...###.....##......##.§§§§......


You could see 3 killer bees.

Vanquished Creatures
  A gnoll sergeant (D:6)
  2 scorpions (D:6)
  An orc wizard (D:6)
  3 gnolls (D:6)
  3 adders
  A shadow imp (D:6)
  An ufetubus (D:5)
  A dart slug (D:5)
  3 orcs (D:6)
16 creatures vanquished.

Vanquished Creatures (others)
  A plant (D:5)
  5 withered plants (D:5)
6 creatures vanquished.

Grand Total: 22 creatures vanquished

Notes
Turn   | Place    | Note
-------+----------+-------------------------------------------
     0 | D:5      | GordonOverkill the Human Delver began the quest for the
                  | Orb.
     0 | D:5      | Reached XP level 1. HP: 18/18 MP: 1/1
    19 | D:5      | Noticed a hound
    32 | D:5      | Found an ancient bone altar of Kikubaaqudgha.
    34 | D:5      | Found a blossoming altar of Fedhas.
    67 | D:5      | Noticed a centaur
   134 | D:5      | Reached XP level 2. HP: 24/24 MP: 2/2
   290 | D:6      | Found a radiant altar of Vehumet.
   305 | D:6      | Reached skill level 1 in Throwing
   305 | D:6      | Reached skill level 1 in Evocations
   349 | D:7      | Noticed a centaur
   353 | D:6      | Noticed a water moccasin
   389 | D:5      | Noticed a killer bee
   389 | D:5      | Noticed a killer bee
   389 | D:5      | Noticed a killer bee
   389 | D:5      | Noticed a killer bee
   389 | D:5      | Noticed an ogre
   389 | D:5      | Noticed a killer bee
   448 | D:6      | Noticed a sky beast
   507 | D:7      | Noticed an orc warrior
   639 | D:7      | Noticed a centaur
   916 | D:7      | Noticed a sky beast
   957 | D:6      | Noticed a scorpion
   958 | D:6      | Killed a scorpion
   959 | D:6      | Reached XP level 3. HP: 29/29 MP: 3/3
   959 | D:6      | Reached XP level 4. HP: 35/35 MP: 4/4
   965 | D:6      | Noticed a scorpion
   969 | D:6      | Killed a scorpion
   970 | D:6      | Reached XP level 5. HP: 41/41 MP: 5/5
   997 | D:6      | Noticed an ogre
  1066 | D:7      | Noticed Menkaure
  1105 | D:6      | Found a staircase to the Ecumenical Temple.
  1533 | D:6      | Reached XP level 6. HP: 47/47 MP: 6/6
  1688 | Temple   | Entered the Ecumenical Temple
  1908 | Temple   | Became a worshipper of Trog the Wrathful
  2068 | D:6      | Noticed a black bear
  2399 | D:5      | Slain by a killer bee

Illustrated notes

Levels and vault maps discovered:
D:5:      layout_cave_pools, grunt_temple_overflow_growth_and_decay
D:6:      layout_basic, nicolae_overflow_crystal_walls,
          minmay_temple_entry_stoned_glass
D:7:      layout_loops_ring, uniq_menkaure
Temple:   minmay_temple_curvy_loop

Skill      XL: |  1  2  3  4 |
---------------+-------------+-----
Throwing       | 2 3 |  3.7
Evocations     | 2 3 |  3.8
Fighting       | |  3.1
Axes           | |  2.6
Polearms       | |  0.3
Dodging        | |  2.0
Stealth        | |  5.0

Action                   |  1- 3 |  4- 6 || total
-------------------------+-------+-------++-------
Melee: Hand axe          |     5 |    15 ||    20
       War axe           |       |     8 ||     8
       Trident           |       |    27 ||    27
Throw: Dart              |     2 |    15 ||    17
Evoke: Wand              |     2 |     8 ||    10
  Use: Scroll            |       |     7 ||     7
       Potion            |       |     1 ||     1
 Stab: Sleeping          |       |     1 ||     1
Armor: Leather armour    |     1 |     8 ||     9
Dodge: Dodged            |     3 |    38 ||    41
